Map: Blueshift LE

Players

Rogue - Winner!

  • Race: Zerg Zerg
  • Spawn Location: 7:00

TYTY (TY)

  • Race: Terran Terran
  • Spawn Location: 1:00

Event: 2018 WCS Global Finals

VOD

Have the link to the VOD?

Description

Time

  • Played on: Nov. 2, 2018, 6:29 p.m.
  • Length: 6:28

All games in this series

Show
View Real Time Build Order
Export as new Build Order

Rogue Zerg - Winner!

Build Orders: Pool First 

Get SALT Encoding   

  12  0:00  Drone  
  13  0:12  Overlord  
  13  0:16  Drone  
  14  0:30  Drone x2  
  14  0:34  Drone  
  17  0:45  Drone, Extractor  
  17  0:49  Spawning Pool  
  16  0:55  Drone  
  17  1:07  Drone  
  18  1:16  Hatchery  
  17  1:20  Drone  
  18  1:36  Queen  
  18  1:37  Zergling x2  
  18  1:39  Zergling x2  
  22  1:45  Metabolic Boost  
  22  1:58  Extractor  
  22  1:59  Zergling x2  
  23  2:01  Overlord  
  21  2:27  Zergling x4  
  22  2:30  Zergling x2  
  22  2:32  Zergling x2  
  24  2:41  Zergling x2  
  24  2:42  Zergling x2  
  25  2:51  Drone  
  25  2:57  Drone  
  26  3:00  Drone x2  
  28  3:07  Drone x2  
  30  3:13  Overlord  
  30  3:18  Drone  
  30  3:20  Drone  
  30  3:24  Drone x2  
  33  3:27  Drone  
  33  3:31  Overlord  
  34  3:34  Drone  
  34  3:37  Drone  
  36  3:42  Drone  
  36  3:47  Queen  
  39  3:54  Drone x2  
  41  3:57  Queen  
  43  4:07  Hatchery  
  42  4:11  Drone x2  
  42  4:15  Drone x2  
  46  4:22  Drone x2, Roach Warren  
  47  4:27  Drone x2  
  47  4:31  Overlord  
  49  4:32  Extractor  
  49  4:33  Extractor  
  49  4:35  Overlord  
  47  4:44  Drone  
  47  4:45  Drone  
  49  4:50  Queen  
  49  4:52  Overlord  
  51  4:59  Drone  
  52  5:01  Overlord  
  52  5:06  Drone  
  53  5:08  Roach x4  
  53  5:12  Roach x2  
  65  5:20  Roach x2  
  69  5:24  Roach x2  
  69  5:27  Overlord  
  73  5:32  Overlord  
  73  5:33  Ravager  
  73  5:34  Ravager  
  73  5:35  Zergling x4  
  77  5:45  Zergling x2  
  77  5:46  Zergling x10  
  82  5:51  Ravager x2  
  82  5:55  Zergling x6  
  87  6:00  Ravager  
  87  6:01  Zergling x8  
  87  6:03  Zergling x2  
  93  6:04  Zergling x2  
  93  6:09  Ravager  
  93  6:10  Zergling x4  
Show
View Real Time Build Order
Export as new Build Order

TYTY Terran 

Build Orders:  

Get SALT Encoding   

  12  0:00  SCV  
  13  0:12  SCV  
  14  0:18  Supply Depot  
  14  0:24  SCV  
  15  0:40  Barracks  
  15  0:51  Barracks  
  15  0:55  SCV  
  16  1:07  SCV  
  18  1:26  Marine  
  18  1:27  Orbital Command, Refinery  
  18  1:38  Marine  
  19  1:44  Marine  
  20  1:47  Supply Depot  
  20  1:52  Bunker  
  20  1:56  Marine, SCV  
  22  2:02  Marine  
  23  2:13  Marine  
  24  2:19  Marine  
  23  2:26  SCV  
  23  2:31  Marine  
  23  2:36  Factory  
  24  2:37  Marine  
  24  2:47  SCV  
  26  2:57  Refinery  
  26  2:58  Command Center  
  25  2:59  SCV  
  26  3:11  SCV  
  27  3:19  Supply Depot  
  26  3:20  Hellion  
  23  3:27  Starport  
  23  3:33  Supply Depot  
  23  3:37  SCV  
  23  3:42  Factory Reactor  
  23  3:49  SCV  
  24  4:00  Marine  
  24  4:01  SCV  
  26  4:05  Marine  
  27  4:10  Orbital Command  
  27  4:13  SCV, Starport Tech Lab  
  28  4:19  Marine, Hellion x2  
  28  4:24  Marine  
  33  4:26  SCV  
  33  4:30  Orbital Command  
  35  4:31  Raven  
  37  4:42  Marine  
  38  4:45  SCV  
  38  4:49  Factory Tech Lab, Marine x2  
  41  4:55  SCV  
  41  4:58  SCV  
  43  5:00  Barracks  
  43  5:01  Supply Depot  
  43  5:07  Marine  
  43  5:09  Siege Tank  
  43  5:12  SCV  
  49  5:19  Supply Depot  
  48  5:21  Starport Reactor  
  48  5:22  Marine x2  
  48  5:25  SCV  
  48  5:27  SCV  
  52  5:37  SCV  
  52  5:38  Supply Depot  
  52  5:39  SCV  
  52  5:40  Marine x2  
  56  5:44  Siege Tank  
  59  5:50  SCV  
  59  5:55  Engineering Bay  
  60  5:57  SCV  
  60  5:58  Refinery  
  60  6:02  Marine  
  60  6:03  Marine x2  
  64  6:05  Starport Reactor  
  64  6:06  Marine x2  
  66  6:13  SCV  
Tags
 
Add a new tag
Caveats
  • Supply blocks, unpowered buildings, or Contaminate may cause inaccurate times.
  • Supply counts are checked every 10 seconds.